cohdb
Replays
Latest Replays
All Replays
Popular Replays
Top Player Replays
Match Explorer
How It Works
Community
CoH3 Stats
Reddit
Sign in to upload your games and track your stats! →
Sign in with Steam
Match 43767117
Unlisted
Match 43767117
Overview
Messages
Build Orders
End
Selects Italian Coastal Battlegroup
Selects Coastal Reserves
Coastal Reserve
Coastal Reserve
Construct Infanterie Kompanie
GrW 34 Mortar Team
Infanterie Officer Quarters
Selects Artillery Officer
Artillery Officer
Construct Panzergrenadier Kompanie
MG 42 Bunker
Panzergrenadier Squad
Panzergrenadier Squad
Panzergrenadier Officer Quarters
Selects Support Bunkers
Selects Rapid Fortifications
Selects Rapid Fortifications
Rapid Fortifications
Medical Bunker
Pak 40 Anti-tank Gun Team
Support Elements
Rapid Fortifications
MG 42 Bunker
Nebelwerfer 42 Rocket Launcher Team
Selects Bulwark
Nebelwerfer 42 Rocket Launcher Team
Selects Obice da 210/22 Artillery Emplacement
LeMounky
KANT
Rook
Retzbocher Klaus
Ceruman
Lilfuture
0
0
Comments
sign in to comment!
No comments posted yet!